DETROIT Red Wings vs BOSTON Bruins

Created - 18 février 2024 at 08:14

Goals
1 2 3 T
DETROIT Red Wings 1 2 2 5
BOSTON Bruins 3 1 0 4
Shots
1 2 3 T
DETROIT Red Wings 13 14 11 38
BOSTON Bruins 10 8 8 26

1st period

1. DETROIT Red Wings , Alex Ovechkin 6 (Jeff Petry 4) at 0:55
2. BOSTON Bruins , Kirill Kaprizov 2 (Frank Vatrano 4, Joel Eriksson Ek 2) at 1:30
3. BOSTON Bruins , Adrian Kempe 2 (Brad Marchand 3, Matt Dumba 2) at 9:29
4. BOSTON Bruins , Adrian Kempe 3 (Bo Horvat 6, Brad Marchand 4) at 17:45 (PP)

Penalties :
Michael Pezzetta (BOS) for Cross-checking (Minor) at 1:51, Dakota Joshua (DET) for Interference (Minor) at 7:01, Brad Hunt (BOS) for Interference (Minor) at 9:50, Josh Anderson (DET) for Roughing (Minor) at 17:27, Matt Dumba (BOS) for Interference (Minor) at 17:48

2nd period

5. BOSTON Bruins , Nathan Walker 1 (Tomas Hertl 3, Blake Wheeler 2) at 11:04
6. DETROIT Red Wings , Alex Ovechkin 7 (Josh Anderson 2) at 11:12
7. DETROIT Red Wings , Bryan Rust 2 (Zach Hyman 8, Colton Parayko 10) at 11:46

Penalties :
Joel Eriksson Ek (BOS) for Hooking (Minor) at 1:31, Brad Hunt (BOS) for High sticking (Minor) at 3:34, Adrian Kempe (BOS) for Roughing (Minor) at 11:56, Victor Hedman (BOS) for Tripping (Minor) at 19:58

3rd period

8. DETROIT Red Wings , Sidney Crosby 8 (Zach Hyman 9, Bryan Rust 4) at 10:26
9. DETROIT Red Wings , T.J. Brodie 1 (Jeff Petry 5) at 15:03 (PP)

Penalties :
Kirill Kaprizov (BOS) for Interference (Minor) at 7:47, Victor Hedman (BOS) for Tripping (Minor) at 14:33, Joel Eriksson Ek (BOS) for Slashing (Minor) at 15:40, Luke Glendening (DET) for Cross-checking (Minor) at 15:40, Zach Whitecloud (DET) for Roughing (Minor) at 18:50

Goalie Stats

John Gibson (DET), 22 saves from 26 shots - (0,846), W, 6-2-1, 60:00 minutes
Tristan Jarry (BOS), 33 saves from 38 shots - (0,868), L, 3-4-1, 58:20 minutes

Players Stats for DETROIT Red Wings

Player Name              G  A  P  +/- PIM S  H  SB GA TA FO     MP     PP MP  PK MP  
------------------------------------------------------------------------------------
Alex Ovechkin            2  0  2   0  0   5  2  0  0  0  3/4    21:29   8:54   0:11 
Bryan Rust               1  1  2   1  0   6  1  0  0  0  2/4    20:10   7:28   0:00 
Colton Parayko           0  1  1   1  0   2  1  0  0  0  0/0    26:00   9:14   0:58 
Dakota Joshua            0  0  0   0  2   0  0  0  0  0  0/0     4:07   0:00   0:21 
Danton Heinen            0  0  0   0  0   0  0  0  0  0  0/0     9:35   0:00   0:00 
Derek Forbort            0  0  0  -2  0   0  1  2  0  0  0/0    14:04   0:00   2:28 
Jeff Petry               0  2  2   2  0   4  5  0  0  0  0/0    20:43   7:08   0:47 
Josh Anderson            0  1  1   0  2   2  2  1  0  0  2/2    19:36   7:28   0:00 
Josh Archibald           0  0  0   0  0   2  0  0  0  0  0/1     3:47   0:00   0:00 
Kevin Hayes              0  0  0   0  0   2  0  1  0  0  5/12   12:29   0:00   2:54 
Luke Glendening          0  0  0   0  2   0  0  0  0  0  7/7     4:18   0:00   0:32 
Nikita Zadorov           0  0  0   1  0   2  0  0  0  0  0/0    26:00   9:14   0:58 
Ryan O'Reilly            0  0  0   0  0   2  0  0  0  0  15/31  19:52   7:28   0:00 
Sidney Crosby            1  0  1   1  0   5  4  0  0  0  19/41  23:20   8:54   0:00 
T.J. Brodie              1  0  1   2  0   3  0  1  0  0  0/0    19:56   7:08   0:00 
Trevor Lewis             0  0  0   0  0   1  0  0  0  0  0/0    12:29   0:00   2:54 
Zach Hyman               0  2  2   1  0   2  1  0  0  0  1/2    23:20   8:54   0:00 
Zach Whitecloud          0  0  0  -2  2   0  3  1  0  0  0/0    13:16   0:00   1:41 

Players Stats for BOSTON Bruins

Player Name              G  A  P  +/- PIM S  H  SB GA TA FO     MP     PP MP  PK MP  
------------------------------------------------------------------------------------
Adam Lowry               0  0  0   0  0   0  1  0  0  0  14/31  14:46   0:00  11:59 
Adrian Kempe             2  0  2  -1  2   5  2  0  0  0  0/0    15:28   1:53   0:00 
Andrew Peeke             0  0  0  -1  0   1  1  4  0  0  0/0    24:52   0:00  10:45 
Blake Wheeler            0  1  1   1  0   0  2  0  0  0  0/0     9:11   0:00   0:00 
Bo Horvat                0  1  1  -1  0   0  0  0  0  0  19/26  16:38   1:53   0:00 
Brad Hunt                0  0  0   1  4   0  3  0  0  0  0/0     9:50   0:00   0:00 
Brad Marchand            0  2  2  -1  0   2  1  0  0  0  1/5    27:13   1:53  10:35 
Frank Vatrano            0  1  1  -1  0   5  0  0  0  0  0/2    14:37   1:33   0:00 
Jaycob Megna             0  0  0   1  0   1  1  1  0  0  0/0    10:49   0:00   0:57 
Joel Eriksson Ek         0  1  1  -1  4   3  3  1  0  0  12/26  18:24   1:33   3:49 
Kirill Kaprizov          1  0  1  -1  2   5  1  0  0  0  0/1    16:12   2:44   0:00 
Matt Dumba               0  1  1  -1  2   0  3  1  0  0  0/0    23:01   0:42   8:13 
Michael Pezzetta         0  0  0   0  2   0  0  0  0  0  0/0     2:46   0:00   0:00 
Nathan Walker            1  0  1   1  0   1  0  0  0  0  0/1    12:58   0:00   3:47 
Phil Kessel              0  0  0   0  0   0  0  0  0  0  0/0     2:47   0:00   0:00 
Shea Theodore            0  0  0  -1  0   0  1  0  0  0  0/0    23:53   0:42   6:58 
Tomas Hertl              0  1  1   1  0   3  1  0  0  0  4/12   11:58   1:33   1:14 
Victor Hedman            0  0  0  -1  4   0  10 3  0  0  0/0    26:06   2:44   7:11 

3 Stars

1 - Alex Ovechkin (DET)
2 - Jeff Petry (DET)
3 - Bryan Rust (DET)

Power Play

DETROIT Red Wings - 1 on 9 Attempt(s) - 11,11%
BOSTON Bruins - 1 on 3 Attempt(s) - 33,33%

Penalty Kill

DETROIT Red Wings - 2 on 3 Attempt(s) - 66,67% - Score 0 goal in Penalty Kill
BOSTON Bruins - 8 on 9 Attempt(s) - 88,89% - Score 0 goal in Penalty Kill

Team Stat

DETROIT Red Wings - Hits : 20 - Faceoff Wins : 54 - Blocked Shots : 6 - Penalty Minutes : 8
BOSTON Bruins - Hits : 30 - Faceoff Wins : 50 - Blocked Shots : 10 - Penalty Minutes : 20

Official

Referees : Tom Chmielewski and Chris Rooney
Linesman : Mitchell Hunt and Jackie Spresser

Game Notes

No Game Note

Finance

Level 1 -- Attendance: 4984 (83,07%) -- Ticket Income $498,400
Level 2 -- Attendance: 4438 (88,76%) -- Ticket Income $266,280
Level 3 -- Attendance: 1943 (97,15%) -- Ticket Income $68,005
Level 4 -- Attendance: 4000 (100,00%) -- Ticket Income $80,000
Luxury Box -- Attendance: 720 (72,00%) -- Ticket Income $144,000
Game was played at the TD Garden.
Total Attendance: 16085 (89,36%)
Total Ticket Income: $1,056,685
Other Income: $264,171
Total Income: $1,320,856

DETROIT Red Wings

5 vs 5 Forward 
   Center                   Left Wing                Right Wing               Time % Phy DF OF 
 1 Sidney Crosby            Bryan Rust               Zach Hyman               36     0   1  4  
 2 Ryan O'Reilly            Alex Ovechkin            Josh Anderson            34     1   1  3  
 3 Kevin Hayes              Danton Heinen            Trevor Lewis             20     1   2  2  
 4 Luke Glendening          Dakota Joshua            Josh Archibald           10     1   3  1  

5 vs 5 Defense 
   Defense                  Defense                                           Time % Phy DF OF 
 1 Nikita Zadorov           Colton Parayko                                    40     1   1  3  
 2 Jeff Petry               T.J. Brodie                                       30     1   2  2  
 3 Zach Whitecloud          Derek Forbort                                     20     1   3  1  
 4 Nikita Zadorov           Colton Parayko                                    10     1   2  2  

PowerPlay Forward 
   Center                   Left Wing                Right Wing               Time % Phy DF OF 
 1 Sidney Crosby            Alex Ovechkin            Zach Hyman               60     1   0  4  
 2 Ryan O'Reilly            Bryan Rust               Josh Anderson            40     1   1  3  

PowerPlay Defense
   Defense                  Defense                                           Time % Phy DF OF 
 1 Nikita Zadorov           Colton Parayko                                    60     1   1  3  
 2 Jeff Petry               T.J. Brodie                                       40     1   1  3  

Penalty Kill 4 Players Forward 
   Center                   Wing                     Time % Phy DF OF 
 1 Kevin Hayes              Trevor Lewis             60     1   3  1  
 2 Luke Glendening          Dakota Joshua            40     1   3  1  

Penalty Kill 4 Players Defense
   Defense                  Defense                  Time % Phy DF OF 
 1 Zach Whitecloud          Derek Forbort            60     1   3  1  
 2 Nikita Zadorov           Colton Parayko           40     1   3  1  

Penalty Kill - 3 Players Forward 
   Forward                                           Time % Phy DF OF 
 1 Luke Glendening                                   60     1   4  0  
 2 Trevor Lewis                                      40     1   4  0  

Penalty Kill - 3 Players Defense
   Defense                  Defense                  Time % Phy DF OF 
 1 Zach Whitecloud          Derek Forbort            60     1   4  0  
 2 Nikita Zadorov           Colton Parayko           40     1   4  0  

4 vs 4 Forward 
   Center                   Wing                     Time % Phy DF OF 
 1 Sidney Crosby            Zach Hyman               60     1   2  2  
 2 Ryan O'Reilly            Alex Ovechkin            40     1   2  2  

4 vs 4 Defense
   Defense                  Defense                  Time % Phy DF OF 
 1 Nikita Zadorov           Colton Parayko           60     1   2  2  
 2 Jeff Petry               T.J. Brodie              40     1   2  2  

Last Minutes Offensive
   Center                   Left Wing                Right Wing               Defense                  Defense                  
   Sidney Crosby            Alex Ovechkin            Zach Hyman               Nikita Zadorov           Colton Parayko           

Last Minutes Defensive
   Center                   Left Wing                Right Wing               Defense                  Defense                  
   Sidney Crosby            Alex Ovechkin            Zach Hyman               Nikita Zadorov           Colton Parayko           

Goaltenders
Starting : John Gibson              
Backup : Calvin Pickard           

Extra Forwards
Normal : Dakota Joshua, Kevin Hayes, Trevor Lewis - PP : Dakota Joshua, Kevin Hayes - PK : Trevor Lewis
Extra Defensemen
Normal : Zach Whitecloud, Derek Forbort, Jeff Petry - PP : Zach Whitecloud - PK : Derek Forbort, Jeff Petry
Penalty Shots
Sidney Crosby, Alex Ovechkin, Zach Hyman, Bryan Rust, Ryan O'Reilly

Scratches
None

BOSTON Bruins

5 vs 5 Forward 
   Center                   Left Wing                Right Wing               Time % Phy DF OF 
 1 Bo Horvat                Brad Marchand            Adrian Kempe             38     1   2  2  
 2 Joel Eriksson Ek         Kirill Kaprizov          Frank Vatrano            34     1   2  2  
 3 Tomas Hertl              Nathan Walker            Blake Wheeler            20     1   2  2  
 4 Adam Lowry               Michael Pezzetta         Phil Kessel              8      1   2  2  

5 vs 5 Defense 
   Defense                  Defense                                           Time % Phy DF OF 
 1 Victor Hedman            Shea Theodore                                     43     1   2  2  
 2 Andrew Peeke             Matt Dumba                                        41     1   3  1  
 3 Jaycob Megna             Brad Hunt                                         16     2   2  1  
 4 Victor Hedman            Shea Theodore                                     0      1   2  2  

PowerPlay Forward 
   Center                   Left Wing                Right Wing               Time % Phy DF OF 
 1 Bo Horvat                Brad Marchand            Adrian Kempe             60     1   2  2  
 2 Tomas Hertl              Joel Eriksson Ek         Frank Vatrano            40     1   2  2  

PowerPlay Defense
   Defense                  Defense                                           Time % Phy DF OF 
 1 Victor Hedman            Kirill Kaprizov                                   60     1   2  2  
 2 Matt Dumba               Shea Theodore                                     40     1   2  2  

Penalty Kill 4 Players Forward 
   Center                   Wing                     Time % Phy DF OF 
 1 Adam Lowry               Brad Marchand            60     1   2  2  
 2 Joel Eriksson Ek         Andrew Peeke             40     1   2  2  

Penalty Kill 4 Players Defense
   Defense                  Defense                  Time % Phy DF OF 
 1 Victor Hedman            Andrew Peeke             60     1   2  2  
 2 Matt Dumba               Shea Theodore            40     1   2  2  

Penalty Kill - 3 Players Forward 
   Forward                                           Time % Phy DF OF 
 1 Adam Lowry                                        60     1   2  2  
 2 Joel Eriksson Ek                                  40     1   2  2  

Penalty Kill - 3 Players Defense
   Defense                  Defense                  Time % Phy DF OF 
 1 Victor Hedman            Andrew Peeke             60     1   2  2  
 2 Matt Dumba               Shea Theodore            40     1   2  2  

4 vs 4 Forward 
   Center                   Wing                     Time % Phy DF OF 
 1 Bo Horvat                Brad Marchand            60     1   2  2  
 2 Joel Eriksson Ek         Adrian Kempe             40     1   2  2  

4 vs 4 Defense
   Defense                  Defense                  Time % Phy DF OF 
 1 Victor Hedman            Shea Theodore            60     1   2  2  
 2 Andrew Peeke             Matt Dumba               40     1   2  2  

Last Minutes Offensive
   Center                   Left Wing                Right Wing               Defense                  Defense                  
   Bo Horvat                Kirill Kaprizov          Andrew Peeke             Victor Hedman            Shea Theodore            

Last Minutes Defensive
   Center                   Left Wing                Right Wing               Defense                  Defense                  
   Bo Horvat                Brad Marchand            Adrian Kempe             Victor Hedman            Andrew Peeke             

Goaltenders
Starting : Tristan Jarry            
Backup : Casey DeSmith            

Extra Forwards
Normal : Kirill Kaprizov, Tomas Hertl, Brad Marchand - PP : Kirill Kaprizov, Tomas Hertl - PK : Adam Lowry
Extra Defensemen
Normal : Victor Hedman, Shea Theodore, Matt Dumba - PP : Victor Hedman - PK : Andrew Peeke, Victor Hedman
Penalty Shots
Bo Horvat, Adrian Kempe, Kirill Kaprizov, Tomas Hertl, Brad Marchand

Scratches
None


% Time on Ice - DETROIT Red Wings

Lines # - Real PCT - Wanted PCT - Time Play
Normal Forward
1 - 33% - 36% - 12:42
2 - 32% - 34% - 12:09
3 - 25% - 20% - 9:35
4 - 10% - 10% - 3:47
Normal Defense
1 - 38% - 40% - 14:28
2 - 31% - 30% - 12:02
3 - 30% - 20% - 11:36
4 - 0% - 10% - 0:07
PP Forward
1 - 54% - 60% - 8:54
2 - 46% - 40% - 7:28
PP Defense
1 - 56% - 60% - 9:14
2 - 44% - 40% - 7:08
PK Forward
1 - 84% - 60% - 2:54
2 - 16% - 40% - 0:32
PK Defense
1 - 72% - 60% - 2:28
2 - 28% - 40% - 0:58
PK3 Forward
1 - 0% - 60%
2 - 0% - 40%
PK3 Defense
1 - 0% - 60%
2 - 0% - 40%
44 Forward
1 - 87% - 60% - 1:44
2 - 13% - 40% - 0:15
44 Defense
1 - 61% - 60% - 1:13
2 - 39% - 40% - 0:46
Last Minute Offensive  - 0:00
Last Minute Defensive  - 0:00
Total
Forward - 60:00
Defense - 60:00

% Time on Ice - BOSTON Bruins

Lines # - Real PCT - Wanted PCT - Time Play
Normal Forward
1 - 34% - 38% - 13:11
2 - 34% - 34% - 13:04
3 - 24% - 20% - 9:11
4 - 7% - 8% - 2:47
Normal Defense
1 - 39% - 43% - 15:03
2 - 34% - 41% - 13:11
3 - 26% - 16% - 9:52
4 - 0% - 0% - 0:07
PP Forward
1 - 55% - 60% - 1:53
2 - 45% - 40% - 1:33
PP Defense
1 - 80% - 60% - 2:44
2 - 20% - 40% - 0:42
PK Forward
1 - 69% - 60% - 11:16
2 - 31% - 40% - 5:06
PK Defense
1 - 55% - 60% - 9:04
2 - 45% - 40% - 7:18
PK3 Forward
1 - 0% - 60%
2 - 0% - 40%
PK3 Defense
1 - 0% - 60%
2 - 0% - 40%
44 Forward
1 - 79% - 60% - 1:34
2 - 21% - 40% - 0:25
44 Defense
1 - 53% - 60% - 1:03
2 - 47% - 40% - 0:56
Last Minute Offensive  - 0:00
Last Minute Defensive  - 0:00
Total
Forward - 60:00
Defense - 60:00

Play-by-Play

1st period


0:01 of 1st period - Bo Horvat wins face-off versus Sidney Crosby in neutral zone.
0:19 of 1st period - Colton Parayko is hit by Shea Theodore and loses puck.
0:44 of 1st period - Colton Parayko is hit by Victor Hedman and loses puck.
0:55 of 1st period - Shot by Alex Ovechkin.
0:55 of 1st period - Goal by Alex Ovechkin - DETROIT Red Wings : 1 - BOSTON Bruins : 0.
0:56 of 1st period - Joel Eriksson Ek wins face-off versus Ryan O'Reilly in neutral zone.
1:30 of 1st period - Shot by Kirill Kaprizov.
1:30 of 1st period - Goal by Kirill Kaprizov - DETROIT Red Wings : 1 - BOSTON Bruins : 1.
1:31 of 1st period - Kevin Hayes wins face-off versus Tomas Hertl in neutral zone.
1:44 of 1st period - Shot by Trevor Lewis.
1:44 of 1st period - Stopped by Tristan Jarry without a rebound.
1:45 of 1st period - Luke Glendening wins face-off versus Adam Lowry in BOSTON Bruins zone.
1:51 of 1st period - Minor Penalty to Michael Pezzetta for Cross-checking.
1:52 of 1st period - Adam Lowry wins face-off versus Sidney Crosby in BOSTON Bruins zone.
2:15 of 1st period - Shot by Alex Ovechkin.
2:15 of 1st period - Shot Misses the Net.
2:17 of 1st period - Shot by Sidney Crosby.
2:17 of 1st period - Stopped by Tristan Jarry without a rebound.
2:18 of 1st period - Joel Eriksson Ek wins face-off versus Ryan O'Reilly in BOSTON Bruins zone.
2:28 of 1st period - Icing by Jeff Petry.
2:29 of 1st period - Ryan O'Reilly wins face-off versus Adam Lowry in DETROIT Red Wings zone.
2:29 of 1st period - Ryan O'Reilly is hit by Adam Lowry.
2:35 of 1st period - Shot by Brad Marchand.
2:35 of 1st period - Deflect By Adam Lowry.
2:35 of 1st period - Shot Misses the Net.
2:53 of 1st period - Shot by Bryan Rust.
2:53 of 1st period - Stopped by Tristan Jarry without a rebound.
2:54 of 1st period - Joel Eriksson Ek wins face-off versus Sidney Crosby in BOSTON Bruins zone.
2:54 of 1st period - Joel Eriksson Ek is hit by Alex Ovechkin.
3:01 of 1st period - Icing by Colton Parayko.
3:02 of 1st period - Adam Lowry wins face-off versus Sidney Crosby in DETROIT Red Wings zone.
3:10 of 1st period - Icing by Nikita Zadorov.
3:11 of 1st period - Alex Ovechkin wins face-off versus Joel Eriksson Ek in DETROIT Red Wings zone.
3:11 of 1st period - Alex Ovechkin is hit by Joel Eriksson Ek.
3:55 of 1st period - Shot by Danton Heinen.
3:55 of 1st period - Deflect By Kevin Hayes.
3:55 of 1st period - Stopped by Tristan Jarry without a rebound.
3:56 of 1st period - Kevin Hayes wins face-off versus Tomas Hertl in BOSTON Bruins zone.
4:56 of 1st period - Shot by Kirill Kaprizov.
4:56 of 1st period - Shot Misses the Net.
4:58 of 1st period - Shot by Victor Hedman.
4:58 of 1st period - Shot Blocked by T.J. Brodie.
5:00 of 1st period - Shot by Victor Hedman.
5:00 of 1st period - Shot Blocked by Kevin Hayes.
5:02 of 1st period - Shot by Joel Eriksson Ek.
5:02 of 1st period - Stopped by John Gibson without a rebound.
5:03 of 1st period - Bo Horvat wins face-off versus Ryan O'Reilly in DETROIT Red Wings zone.
5:16 of 1st period - Off-side.
5:17 of 1st period - Sidney Crosby wins face-off versus Joel Eriksson Ek in neutral zone.
5:40 of 1st period - Off-side.
5:41 of 1st period - Bo Horvat wins face-off versus Ryan O'Reilly in neutral zone.
6:20 of 1st period - Icing by Matt Dumba.
6:21 of 1st period - Sidney Crosby wins face-off versus Brad Marchand in BOSTON Bruins zone.
6:44 of 1st period - Shot by Jeff Petry.
6:44 of 1st period - Stopped by Tristan Jarry without a rebound.
6:45 of 1st period - Luke Glendening wins face-off versus Joel Eriksson Ek in BOSTON Bruins zone.
7:01 of 1st period - Minor Penalty to Dakota Joshua for Interference.
7:02 of 1st period - Kevin Hayes wins face-off versus Joel Eriksson Ek in DETROIT Red Wings zone.
7:08 of 1st period - Icing by Tomas Hertl.
7:09 of 1st period - Kevin Hayes wins face-off versus Frank Vatrano in BOSTON Bruins zone.
7:40 of 1st period - Shot by Kirill Kaprizov.
7:40 of 1st period - Stopped by John Gibson without a rebound.
7:41 of 1st period - Kevin Hayes wins face-off versus Bo Horvat in DETROIT Red Wings zone.
7:50 of 1st period - Shot by Matt Dumba.
7:50 of 1st period - Shot Hit the Post.
8:05 of 1st period - Off-side.
8:06 of 1st period - Tomas Hertl wins face-off versus Kevin Hayes in neutral zone.
9:09 of 1st period - Shot by Zach Hyman.
9:09 of 1st period - Stopped by Tristan Jarry with a rebound.
9:11 of 1st period - Shot by Bryan Rust.
9:11 of 1st period - Stopped by Tristan Jarry without a rebound.
9:12 of 1st period - Bo Horvat wins face-off versus Ryan O'Reilly in BOSTON Bruins zone.
9:14 of 1st period - Adrian Kempe is hit by Josh Anderson and loses puck.
9:29 of 1st period - Shot by Adrian Kempe.
9:29 of 1st period - Goal by Adrian Kempe - DETROIT Red Wings : 1 - BOSTON Bruins : 2.
9:30 of 1st period - Sidney Crosby wins face-off versus Adam Lowry in neutral zone.
9:47 of 1st period - Shot by Sidney Crosby.
9:47 of 1st period - Shot Misses the Net.
9:49 of 1st period - Shot by Sidney Crosby.
9:49 of 1st period - Shot Misses the Net.
9:50 of 1st period - Minor Penalty to Brad Hunt for Interference.
9:51 of 1st period - Adam Lowry wins face-off versus Ryan O'Reilly in BOSTON Bruins zone.
10:14 of 1st period - Shot by Bryan Rust.
10:14 of 1st period - Shot Misses the Net.
10:48 of 1st period - Shot by Sidney Crosby.
10:48 of 1st period - Stopped by Tristan Jarry without a rebound.
10:49 of 1st period - Adam Lowry wins face-off versus Sidney Crosby in BOSTON Bruins zone.
10:49 of 1st period - Adam Lowry is hit by Sidney Crosby.
12:20 of 1st period - Joel Eriksson Ek is hit by Zach Whitecloud and loses puck.
12:49 of 1st period - Shot by Blake Wheeler.
12:49 of 1st period - Shot Misses the Net.
13:00 of 1st period - Icing by Shea Theodore.
13:01 of 1st period - Ryan O'Reilly wins face-off versus Tomas Hertl in BOSTON Bruins zone.
13:01 of 1st period - Colton Parayko is hit by Victor Hedman and loses puck.
13:07 of 1st period - Alex Ovechkin is hit by Victor Hedman and loses puck.
13:12 of 1st period - Shot by Josh Anderson.
13:12 of 1st period - Shot Misses the Net.
13:32 of 1st period - Shot by Alex Ovechkin.
13:32 of 1st period - Stopped by Tristan Jarry without a rebound.
13:33 of 1st period - Bo Horvat wins face-off versus Sidney Crosby in BOSTON Bruins zone.
14:18 of 1st period - Shot by Adrian Kempe.
14:18 of 1st period - Stopped by John Gibson with a rebound.
14:29 of 1st period - Sidney Crosby is hit by Jaycob Megna and loses puck.
14:40 of 1st period - Shot by Joel Eriksson Ek.
14:40 of 1st period - Shot Misses the Net.
14:44 of 1st period - Shot by Frank Vatrano.
14:44 of 1st period - Shot Misses the Net.
14:50 of 1st period - Shot by Frank Vatrano.
14:50 of 1st period - Stopped by John Gibson without a rebound.
14:51 of 1st period - Tomas Hertl wins face-off versus Ryan O'Reilly in DETROIT Red Wings zone.
14:54 of 1st period - Shot by Tomas Hertl.
14:54 of 1st period - Stopped by John Gibson without a rebound.
14:55 of 1st period - Ryan O'Reilly wins face-off versus Tomas Hertl in DETROIT Red Wings zone.
14:55 of 1st period - Ryan O'Reilly is hit by Blake Wheeler.
14:58 of 1st period - Colton Parayko is hit by Blake Wheeler and loses puck.
15:17 of 1st period - Shot by Alex Ovechkin.
15:17 of 1st period - Deflect By Ryan O'Reilly.
15:17 of 1st period - Stopped by Tristan Jarry with a rebound.
15:22 of 1st period - Icing by Shea Theodore.
15:23 of 1st period - Luke Glendening wins face-off versus Tomas Hertl in BOSTON Bruins zone.
15:23 of 1st period - Luke Glendening is hit by Victor Hedman.
15:27 of 1st period - Shot by Dakota Joshua.
15:27 of 1st period - Deflect By Luke Glendening.
15:27 of 1st period - Shot Misses the Net.
15:46 of 1st period - Luke Glendening is hit by Victor Hedman and loses puck.
16:06 of 1st period - Icing by Victor Hedman.
16:07 of 1st period - Ryan O'Reilly wins face-off versus Nathan Walker in BOSTON Bruins zone.
16:13 of 1st period - Off-side.
16:14 of 1st period - Bo Horvat wins face-off versus Ryan O'Reilly in neutral zone.
16:42 of 1st period - Shot by Alex Ovechkin.
16:42 of 1st period - Stopped by Tristan Jarry with a rebound.
16:44 of 1st period - Shot by Ryan O'Reilly.
16:44 of 1st period - Stopped by Tristan Jarry without a rebound.
16:45 of 1st period - Sidney Crosby wins face-off versus Joel Eriksson Ek in BOSTON Bruins zone.
16:51 of 1st period - Zach Hyman is hit by Brad Hunt and loses puck.
17:06 of 1st period - Icing by T.J. Brodie.
17:07 of 1st period - Sidney Crosby wins face-off versus Bo Horvat in DETROIT Red Wings zone.
17:12 of 1st period - Shot by Zach Hyman.
17:12 of 1st period - Shot Misses the Net.
17:18 of 1st period - Shot by Adrian Kempe.
17:18 of 1st period - Stopped by John Gibson without a rebound.
17:19 of 1st period - Alex Ovechkin wins face-off versus Joel Eriksson Ek in DETROIT Red Wings zone.
17:27 of 1st period - Minor Penalty to Josh Anderson for Roughing.
17:28 of 1st period - Bo Horvat wins face-off versus Kevin Hayes in DETROIT Red Wings zone.
17:29 of 1st period - Shot by Victor Hedman.
17:29 of 1st period - Shot Blocked by Zach Whitecloud.
17:31 of 1st period - Shot by Brad Marchand.
17:31 of 1st period - Deflect By Adrian Kempe.
17:31 of 1st period - Stopped by John Gibson without a rebound.
17:32 of 1st period - Bo Horvat wins face-off versus Kevin Hayes in DETROIT Red Wings zone.
17:45 of 1st period - Shot by Adrian Kempe.
17:45 of 1st period - Goal by Adrian Kempe - DETROIT Red Wings : 1 - BOSTON Bruins : 3.
17:46 of 1st period - Sidney Crosby wins face-off versus Adam Lowry in neutral zone.
17:48 of 1st period - Minor Penalty to Matt Dumba for Interference.
17:49 of 1st period - Adam Lowry wins face-off versus Sidney Crosby in BOSTON Bruins zone.
18:31 of 1st period - Zach Hyman is hit by Andrew Peeke and loses puck.
19:16 of 1st period - Icing by Bryan Rust.
19:17 of 1st period - Adam Lowry wins face-off versus Ryan O'Reilly in DETROIT Red Wings zone.
19:28 of 1st period - Shot by Brad Marchand.
19:28 of 1st period - Shot Misses the Net.
Goals for this period are 1 for DETROIT Red Wings vs 3 for BOSTON Bruins.
Shots for this period are 13 for DETROIT Red Wings vs 10 for BOSTON Bruins.

2nd period


0:01 of 2nd period - Sidney Crosby wins face-off versus Bo Horvat in neutral zone.
0:03 of 2nd period - Colton Parayko is hit by Victor Hedman and loses puck.
0:30 of 2nd period - Bo Horvat is hit by Colton Parayko and loses puck.
0:56 of 2nd period - Shea Theodore is hit by Jeff Petry and loses puck.
1:31 of 2nd period - Minor Penalty to Joel Eriksson Ek for Hooking.
1:32 of 2nd period - Adam Lowry wins face-off versus Sidney Crosby in BOSTON Bruins zone.
1:52 of 2nd period - Icing by Colton Parayko.
1:53 of 2nd period - Sidney Crosby wins face-off versus Adam Lowry in DETROIT Red Wings zone.
2:30 of 2nd period - Shot by Jeff Petry.
2:30 of 2nd period - Shot Misses the Net.
2:41 of 2nd period - Icing by T.J. Brodie.
2:42 of 2nd period - Adam Lowry wins face-off versus Ryan O'Reilly in DETROIT Red Wings zone.
2:57 of 2nd period - Shot by Josh Anderson.
2:57 of 2nd period - Stopped by Tristan Jarry without a rebound.
2:58 of 2nd period - Ryan O'Reilly wins face-off versus Tomas Hertl in BOSTON Bruins zone.
3:00 of 2nd period - Josh Anderson is hit by Victor Hedman and loses puck.
3:13 of 2nd period - Shot by Bryan Rust.
3:13 of 2nd period - Shot Blocked by Andrew Peeke.
3:23 of 2nd period - Shot by Nikita Zadorov.
3:23 of 2nd period - Shot Blocked by Victor Hedman.
3:25 of 2nd period - Shot by Bryan Rust.
3:25 of 2nd period - Stopped by Tristan Jarry without a rebound.
3:26 of 2nd period - Sidney Crosby wins face-off versus Adam Lowry in BOSTON Bruins zone.
3:34 of 2nd period - Minor Penalty to Brad Hunt for High sticking.
3:35 of 2nd period - Sidney Crosby wins face-off versus Adam Lowry in BOSTON Bruins zone.
3:46 of 2nd period - Shot by T.J. Brodie.
3:46 of 2nd period - Stopped by Tristan Jarry without a rebound.
3:47 of 2nd period - Zach Hyman wins face-off versus Brad Marchand in BOSTON Bruins zone.
4:36 of 2nd period - Colton Parayko is hit by Joel Eriksson Ek and loses puck.
4:49 of 2nd period - Joel Eriksson Ek is hit by Sidney Crosby and loses puck.
5:19 of 2nd period - Off-side.
5:20 of 2nd period - Ryan O'Reilly wins face-off versus Adam Lowry in neutral zone.
5:31 of 2nd period - Shot by Andrew Peeke.
5:31 of 2nd period - Shot Misses the Net.
7:32 of 2nd period - Shot by Andrew Peeke.
7:32 of 2nd period - Stopped by John Gibson without a rebound.
7:33 of 2nd period - Sidney Crosby wins face-off versus Adam Lowry in DETROIT Red Wings zone.
8:30 of 2nd period - Shot by Kirill Kaprizov.
8:30 of 2nd period - Shot Misses the Net.
8:46 of 2nd period - Shot by Frank Vatrano.
8:46 of 2nd period - Stopped by John Gibson without a rebound.
8:47 of 2nd period - Bo Horvat wins face-off versus Ryan O'Reilly in DETROIT Red Wings zone.
8:56 of 2nd period - Shot by Brad Marchand.
8:56 of 2nd period - Stopped by John Gibson without a rebound.
8:57 of 2nd period - Bo Horvat wins face-off versus Ryan O'Reilly in DETROIT Red Wings zone.
9:07 of 2nd period - Brad Marchand is hit by Jeff Petry and loses puck.
9:19 of 2nd period - Alex Ovechkin is hit by Victor Hedman and loses puck.
9:48 of 2nd period - Icing by Shea Theodore.
9:49 of 2nd period - Bo Horvat wins face-off versus Josh Archibald in BOSTON Bruins zone.
10:24 of 2nd period - Shot by Kirill Kaprizov.
10:24 of 2nd period - Shot Misses the Net.
10:26 of 2nd period - Shot by Kirill Kaprizov.
10:26 of 2nd period - Deflect By Frank Vatrano.
10:26 of 2nd period - Stopped by John Gibson without a rebound.
10:27 of 2nd period - Sidney Crosby wins face-off versus Tomas Hertl in DETROIT Red Wings zone.
11:04 of 2nd period - Shot by Nathan Walker.
11:04 of 2nd period - Goal by Nathan Walker - DETROIT Red Wings : 1 - BOSTON Bruins : 4.
11:05 of 2nd period - Josh Anderson wins face-off versus Kirill Kaprizov in neutral zone.
11:12 of 2nd period - Shot by Alex Ovechkin.
11:12 of 2nd period - Goal by Alex Ovechkin - DETROIT Red Wings : 2 - BOSTON Bruins : 4.
11:13 of 2nd period - Ryan O'Reilly wins face-off versus Joel Eriksson Ek in neutral zone.
11:35 of 2nd period - Icing by Matt Dumba.
11:36 of 2nd period - Sidney Crosby wins face-off versus Joel Eriksson Ek in BOSTON Bruins zone.
11:36 of 2nd period - Sidney Crosby is hit by Matt Dumba.
11:40 of 2nd period - Shot by Zach Hyman.
11:40 of 2nd period - Shot Misses the Net.
11:42 of 2nd period - Shot by Sidney Crosby.
11:42 of 2nd period - Shot Misses the Net.
11:44 of 2nd period - Shot by Colton Parayko.
11:44 of 2nd period - Deflect By Zach Hyman.
11:44 of 2nd period - Shot Misses the Net.
11:46 of 2nd period - Shot by Bryan Rust.
11:46 of 2nd period - Goal by Bryan Rust - DETROIT Red Wings : 3 - BOSTON Bruins : 4.
11:47 of 2nd period - Josh Anderson wins face-off versus Brad Marchand in neutral zone.
11:47 of 2nd period - Colton Parayko is hit by Adrian Kempe and loses puck.
11:51 of 2nd period - Off-side.
11:52 of 2nd period - Ryan O'Reilly wins face-off versus Bo Horvat in neutral zone.
11:52 of 2nd period - Colton Parayko is hit by Brad Marchand and loses puck.
11:56 of 2nd period - Minor Penalty to Adrian Kempe for Roughing.
11:57 of 2nd period - Sidney Crosby wins face-off versus Adam Lowry in BOSTON Bruins zone.
12:06 of 2nd period - Shot by Nikita Zadorov.
12:06 of 2nd period - Stopped by Tristan Jarry without a rebound.
12:07 of 2nd period - Adam Lowry wins face-off versus Sidney Crosby in BOSTON Bruins zone.
12:26 of 2nd period - Shot by Colton Parayko.
12:26 of 2nd period - Shot Misses the Net.
12:28 of 2nd period - Shot by Zach Hyman.
12:28 of 2nd period - Shot Misses the Net.
12:30 of 2nd period - Shot by Zach Hyman.
12:30 of 2nd period - Shot Misses the Net.
12:42 of 2nd period - Shot by Colton Parayko.
12:42 of 2nd period - Stopped by Tristan Jarry without a rebound.
12:43 of 2nd period - Ryan O'Reilly wins face-off versus Adam Lowry in BOSTON Bruins zone.
12:44 of 2nd period - Shot by T.J. Brodie.
12:44 of 2nd period - Stopped by Tristan Jarry without a rebound.
12:45 of 2nd period - Adam Lowry wins face-off versus Bryan Rust in BOSTON Bruins zone.
13:00 of 2nd period - Shot by Jeff Petry.
13:00 of 2nd period - Shot Misses the Net.
13:02 of 2nd period - Shot by Bryan Rust.
13:02 of 2nd period - Shot Misses the Net.
13:04 of 2nd period - Shot by Jeff Petry.
13:04 of 2nd period - Stopped by Tristan Jarry without a rebound.
13:05 of 2nd period - Adam Lowry wins face-off versus Sidney Crosby in BOSTON Bruins zone.
13:32 of 2nd period - Shot by Colton Parayko.
13:32 of 2nd period - Stopped by Tristan Jarry without a rebound.
13:33 of 2nd period - Ryan O'Reilly wins face-off versus Joel Eriksson Ek in BOSTON Bruins zone.
14:05 of 2nd period - Trevor Lewis is hit by Brad Hunt and loses puck.
14:20 of 2nd period - Shot by Kevin Hayes.
14:20 of 2nd period - Stopped by Tristan Jarry without a rebound.
14:21 of 2nd period - Bo Horvat wins face-off versus Sidney Crosby in BOSTON Bruins zone.
14:21 of 2nd period - Bo Horvat is hit by Zach Hyman.
14:48 of 2nd period - Shot by Sidney Crosby.
14:48 of 2nd period - Shot Blocked by Victor Hedman.
14:50 of 2nd period - Shot by Nikita Zadorov.
14:50 of 2nd period - Shot Misses the Net.
14:58 of 2nd period - Shot by Sidney Crosby.
14:58 of 2nd period - Shot Misses the Net.
15:00 of 2nd period - Shot by Sidney Crosby.
15:00 of 2nd period - Shot Misses the Net.
15:04 of 2nd period - Shot by Sidney Crosby.
15:04 of 2nd period - Stopped by Tristan Jarry without a rebound.
15:05 of 2nd period - Alex Ovechkin wins face-off versus Joel Eriksson Ek in BOSTON Bruins zone.
15:34 of 2nd period - Shot by Frank Vatrano.
15:34 of 2nd period - Stopped by John Gibson with a rebound.
15:36 of 2nd period - Shot by Joel Eriksson Ek.
15:36 of 2nd period - Stopped by John Gibson with a rebound.
15:38 of 2nd period - Shot by Andrew Peeke.
15:38 of 2nd period - Shot Misses the Net.
16:15 of 2nd period - Kevin Hayes is hit by Brad Hunt and loses puck.
16:22 of 2nd period - Shot by Trevor Lewis.
16:22 of 2nd period - Shot Misses the Net.
16:24 of 2nd period - Shot by Derek Forbort.
16:24 of 2nd period - Shot Blocked by Jaycob Megna.
16:42 of 2nd period - Shot by Danton Heinen.
16:42 of 2nd period - Shot Misses the Net.
16:47 of 2nd period - Icing by Tomas Hertl.
16:48 of 2nd period - Tomas Hertl wins face-off versus Bryan Rust in BOSTON Bruins zone.
17:01 of 2nd period - Icing by Bryan Rust.
17:02 of 2nd period - Sidney Crosby wins face-off versus Bo Horvat in DETROIT Red Wings zone.
17:18 of 2nd period - Zach Hyman is hit by Adrian Kempe and loses puck.
17:23 of 2nd period - Shot by Brad Marchand.
17:23 of 2nd period - Shot Misses the Net.
17:28 of 2nd period - Icing by Colton Parayko.
17:29 of 2nd period - Sidney Crosby wins face-off versus Joel Eriksson Ek in DETROIT Red Wings zone.
17:38 of 2nd period - Shot by Bryan Rust.
17:38 of 2nd period - Shot Blocked by Joel Eriksson Ek.
18:52 of 2nd period - Shot by Brad Marchand.
18:52 of 2nd period - Stopped by John Gibson without a rebound.
18:53 of 2nd period - Luke Glendening wins face-off versus Adam Lowry in DETROIT Red Wings zone.
19:08 of 2nd period - Shot by Michael Pezzetta.
19:08 of 2nd period - Shot Blocked by Derek Forbort.
19:10 of 2nd period - Shot by Adam Lowry.
19:10 of 2nd period - Shot Misses the Net.
19:12 of 2nd period - Shot by Michael Pezzetta.
19:12 of 2nd period - Shot Misses the Net.
19:24 of 2nd period - Shot by Josh Archibald.
19:24 of 2nd period - Stopped by Tristan Jarry without a rebound.
19:25 of 2nd period - Ryan O'Reilly wins face-off versus Bo Horvat in BOSTON Bruins zone.
19:30 of 2nd period - Shot by Ryan O'Reilly.
19:30 of 2nd period - Shot Blocked by Andrew Peeke.
19:36 of 2nd period - Shot by Ryan O'Reilly.
19:36 of 2nd period - Deflect By Alex Ovechkin.
19:36 of 2nd period - Shot Misses the Net.
19:41 of 2nd period - Andrew Peeke is hit by Jeff Petry and loses puck.
19:54 of 2nd period - Shot by Josh Anderson.
19:54 of 2nd period - Stopped by Tristan Jarry without a rebound.
19:55 of 2nd period - Joel Eriksson Ek wins face-off versus Sidney Crosby in BOSTON Bruins zone.
19:55 of 2nd period - Joel Eriksson Ek is hit by Bryan Rust.
19:58 of 2nd period - Minor Penalty to Victor Hedman for Tripping.
19:59 of 2nd period - Adam Lowry wins face-off versus Sidney Crosby in BOSTON Bruins zone.
19:59 of 2nd period - Adam Lowry is hit by Sidney Crosby.
Goals for this period are 2 for DETROIT Red Wings vs 1 for BOSTON Bruins.
Shots for this period are 14 for DETROIT Red Wings vs 8 for BOSTON Bruins.

3rd period


0:01 of 3rd period - Sidney Crosby wins face-off versus Adam Lowry in neutral zone.
0:16 of 3rd period - Shot by Sidney Crosby.
0:16 of 3rd period - Shot Misses the Net.
0:18 of 3rd period - Shot by Alex Ovechkin.
0:18 of 3rd period - Stopped by Tristan Jarry without a rebound.
0:19 of 3rd period - Ryan O'Reilly wins face-off versus Adam Lowry in BOSTON Bruins zone.
0:19 of 3rd period - Ryan O'Reilly is hit by Matt Dumba.
0:23 of 3rd period - Shot by Josh Anderson.
0:23 of 3rd period - Shot Blocked by Andrew Peeke.
0:49 of 3rd period - Shot by Jeff Petry.
0:49 of 3rd period - Shot Blocked by Andrew Peeke.
0:51 of 3rd period - Shot by Josh Anderson.
0:51 of 3rd period - Shot Misses the Net.
1:26 of 3rd period - Icing by Zach Hyman.
1:27 of 3rd period - Sidney Crosby wins face-off versus Adam Lowry in DETROIT Red Wings zone.
2:50 of 3rd period - Icing by Derek Forbort.
2:51 of 3rd period - Joel Eriksson Ek wins face-off versus Kevin Hayes in DETROIT Red Wings zone.
2:59 of 3rd period - Kirill Kaprizov is hit by Derek Forbort and loses puck.
4:35 of 3rd period - Shot by Colton Parayko.
4:35 of 3rd period - Shot Misses the Net.
4:55 of 3rd period - Shot by Zach Hyman.
4:55 of 3rd period - Shot Blocked by Victor Hedman.
5:05 of 3rd period - Shot by Sidney Crosby.
5:05 of 3rd period - Stopped by Tristan Jarry without a rebound.
5:06 of 3rd period - Luke Glendening wins face-off versus Joel Eriksson Ek in BOSTON Bruins zone.
5:17 of 3rd period - Shot by Joel Eriksson Ek.
5:17 of 3rd period - Stopped by John Gibson with a rebound.
6:02 of 3rd period - Icing by Victor Hedman.
6:03 of 3rd period - Adam Lowry wins face-off versus Ryan O'Reilly in BOSTON Bruins zone.
6:03 of 3rd period - Adam Lowry is hit by Josh Anderson.
6:39 of 3rd period - Shot by Adam Lowry.
6:39 of 3rd period - Deflect By Phil Kessel.
6:39 of 3rd period - Shot Misses the Net.
6:42 of 3rd period - Icing by Colton Parayko.
6:43 of 3rd period - Bo Horvat wins face-off versus Ryan O'Reilly in DETROIT Red Wings zone.
7:30 of 3rd period - Shot by Bryan Rust.
7:30 of 3rd period - Stopped by Tristan Jarry without a rebound.
7:31 of 3rd period - Luke Glendening wins face-off versus Joel Eriksson Ek in BOSTON Bruins zone.
7:31 of 3rd period - T.J. Brodie is hit by Victor Hedman and loses puck.
7:34 of 3rd period - Shot by Josh Archibald.
7:34 of 3rd period - Stopped by Tristan Jarry without a rebound.
7:35 of 3rd period - Joel Eriksson Ek wins face-off versus Kevin Hayes in BOSTON Bruins zone.
7:41 of 3rd period - Victor Hedman is hit by Jeff Petry and loses puck.
7:47 of 3rd period - Minor Penalty to Kirill Kaprizov for Interference.
7:48 of 3rd period - Adam Lowry wins face-off versus Sidney Crosby in BOSTON Bruins zone.
8:05 of 3rd period - Shot by Alex Ovechkin.
8:05 of 3rd period - Shot Blocked by Matt Dumba.
8:49 of 3rd period - Icing by Ryan O'Reilly.
8:50 of 3rd period - Bryan Rust wins face-off versus Brad Marchand in DETROIT Red Wings zone.
9:01 of 3rd period - Shot by Bryan Rust.
9:01 of 3rd period - Stopped by Tristan Jarry without a rebound.
9:02 of 3rd period - Ryan O'Reilly wins face-off versus Adam Lowry in BOSTON Bruins zone.
9:11 of 3rd period - Shot by Ryan O'Reilly.
9:11 of 3rd period - Shot Misses the Net.
9:31 of 3rd period - Shot by Jeff Petry.
9:31 of 3rd period - Stopped by Tristan Jarry without a rebound.
9:32 of 3rd period - Joel Eriksson Ek wins face-off versus Zach Hyman in BOSTON Bruins zone.
9:32 of 3rd period - Joel Eriksson Ek is hit by Alex Ovechkin.
9:42 of 3rd period - Shot by Zach Hyman.
9:42 of 3rd period - Shot Misses the Net.
9:44 of 3rd period - Shot by Nikita Zadorov.
9:44 of 3rd period - Stopped by Tristan Jarry without a rebound.
9:45 of 3rd period - Joel Eriksson Ek wins face-off versus Sidney Crosby in BOSTON Bruins zone.
9:53 of 3rd period - Icing by Frank Vatrano.
9:54 of 3rd period - Joel Eriksson Ek wins face-off versus Sidney Crosby in BOSTON Bruins zone.
10:04 of 3rd period - Icing by Colton Parayko.
10:05 of 3rd period - Sidney Crosby wins face-off versus Bo Horvat in DETROIT Red Wings zone.
10:26 of 3rd period - Shot by Sidney Crosby.
10:26 of 3rd period - Goal by Sidney Crosby - DETROIT Red Wings : 4 - BOSTON Bruins : 4.
10:27 of 3rd period - Joel Eriksson Ek wins face-off versus Ryan O'Reilly in neutral zone.
10:42 of 3rd period - Kirill Kaprizov is hit by Jeff Petry and loses puck.
11:07 of 3rd period - Shot by Frank Vatrano.
11:07 of 3rd period - Stopped by John Gibson without a rebound.
11:08 of 3rd period - Bo Horvat wins face-off versus Sidney Crosby in DETROIT Red Wings zone.
11:23 of 3rd period - Shot by Bo Horvat.
11:23 of 3rd period - Shot Misses the Net.
12:36 of 3rd period - Shot by Blake Wheeler.
12:36 of 3rd period - Shot Misses the Net.
12:38 of 3rd period - Shot by Tomas Hertl.
12:38 of 3rd period - Stopped by John Gibson without a rebound.
12:39 of 3rd period - Joel Eriksson Ek wins face-off versus Alex Ovechkin in DETROIT Red Wings zone.
12:42 of 3rd period - Shot by Kirill Kaprizov.
12:42 of 3rd period - Stopped by John Gibson without a rebound.
12:43 of 3rd period - Joel Eriksson Ek wins face-off versus Ryan O'Reilly in DETROIT Red Wings zone.
12:46 of 3rd period - Shot by Kirill Kaprizov.
12:46 of 3rd period - Shot Misses the Net.
12:48 of 3rd period - Shot by Kirill Kaprizov.
12:48 of 3rd period - Shot Blocked by Josh Anderson.
12:50 of 3rd period - Shot by Frank Vatrano.
12:50 of 3rd period - Shot Misses the Net.
12:52 of 3rd period - Shot by Joel Eriksson Ek.
12:52 of 3rd period - Deflect By Frank Vatrano.
12:52 of 3rd period - Shot Misses the Net.
13:10 of 3rd period - Shot by Kirill Kaprizov.
13:10 of 3rd period - Stopped by John Gibson without a rebound.
13:11 of 3rd period - Bo Horvat wins face-off versus Sidney Crosby in DETROIT Red Wings zone.
13:18 of 3rd period - Shot by Adrian Kempe.
13:18 of 3rd period - Shot Misses the Net.
14:19 of 3rd period - Icing by Ryan O'Reilly.
14:20 of 3rd period - Ryan O'Reilly wins face-off versus Tomas Hertl in DETROIT Red Wings zone.
14:20 of 3rd period - Ryan O'Reilly is hit by Tomas Hertl.
14:27 of 3rd period - T.J. Brodie is hit by Victor Hedman and loses puck.
14:33 of 3rd period - Minor Penalty to Victor Hedman for Tripping.
14:34 of 3rd period - Brad Marchand wins face-off versus Sidney Crosby in BOSTON Bruins zone.
14:42 of 3rd period - Colton Parayko is hit by Matt Dumba and loses puck.
14:45 of 3rd period - Shot by Colton Parayko.
14:45 of 3rd period - Deflect By Zach Hyman.
14:45 of 3rd period - Stopped by Tristan Jarry without a rebound.
14:46 of 3rd period - Bryan Rust wins face-off versus Adam Lowry in BOSTON Bruins zone.
15:03 of 3rd period - Shot by T.J. Brodie.
15:03 of 3rd period - Goal by T.J. Brodie - DETROIT Red Wings : 5 - BOSTON Bruins : 4.
15:04 of 3rd period - Luke Glendening wins face-off versus Frank Vatrano in neutral zone.
15:04 of 3rd period - Colton Parayko is hit by Joel Eriksson Ek.
15:40 of 3rd period - Minor Penalty to Joel Eriksson Ek for Slashing.
15:40 of 3rd period - Minor Penalty to Luke Glendening for Cross-checking.
15:41 of 3rd period - Bo Horvat wins face-off versus Sidney Crosby in neutral zone.
16:11 of 3rd period - Shot by Jeff Petry.
16:11 of 3rd period - Stopped by Tristan Jarry without a rebound.
16:12 of 3rd period - Bo Horvat wins face-off versus Sidney Crosby in BOSTON Bruins zone.
16:24 of 3rd period - Icing by Bo Horvat.
16:25 of 3rd period - Bo Horvat wins face-off versus Sidney Crosby in BOSTON Bruins zone.
17:08 of 3rd period - Brad Marchand is hit by Sidney Crosby.
17:38 of 3rd period - T.J. Brodie is hit by Kirill Kaprizov and loses puck.
17:48 of 3rd period - Tomas Hertl is hit by Zach Whitecloud and loses puck.
17:51 of 3rd period - Shot by Tomas Hertl.
17:51 of 3rd period - Shot Blocked by Derek Forbort.
17:53 of 3rd period - Shot by Jaycob Megna.
17:53 of 3rd period - Stopped by John Gibson with a rebound.
18:05 of 3rd period - Shot by Jaycob Megna.
18:05 of 3rd period - Shot Misses the Net.
18:07 of 3rd period - Shot by Tomas Hertl.
18:07 of 3rd period - Stopped by John Gibson without a rebound.
18:08 of 3rd period - Ryan O'Reilly wins face-off versus Joel Eriksson Ek in DETROIT Red Wings zone.
18:20 of 3rd period - BOSTON Bruins, Tristan Jarry is pulled from the net.
18:36 of 3rd period - Shot by Kirill Kaprizov.
18:36 of 3rd period - Stopped by John Gibson without a rebound.
18:37 of 3rd period - Tomas Hertl wins face-off versus Kevin Hayes in DETROIT Red Wings zone.
18:37 of 3rd period - Tomas Hertl is hit by Zach Whitecloud.
18:50 of 3rd period - Minor Penalty to Zach Whitecloud for Roughing.
18:51 of 3rd period - Bo Horvat wins face-off versus Kevin Hayes in DETROIT Red Wings zone.
Goals for this period are 2 for DETROIT Red Wings vs 0 for BOSTON Bruins.
Shots for this period are 11 for DETROIT Red Wings vs 8 for BOSTON Bruins. Output by the SimonT Hockey Simulator (STHS) for Martin Benoit - Original Page W3C HTML5 Valid
Hockey Simulator - Hockey Simulation - Hockey Manager